 Dungeon Crawl Stone Soup version 0.22-a0-348-gd16d139 (webtiles) character file.

17 Amnesiac the Ducker (level 2, -1/15 HPs)
             Began as a Spriggan Wanderer on Apr 11, 2018.
             Killed from afar by an orc wizard (8 damage)
             ... with a magic dart
             ... on level 2 of the Dungeon.
             The game lasted 00:04:31 (440 turns).

Amnesiac the Ducker (Spriggan Wanderer)              Turns: 440, Time: 00:04:31

Health: -1/15      AC:  2    Str: 10    XL:     2   Next: 44%
Magic:  1/7        EV: 19    Int: 13    God:
Gold:   29         SH:  0    Dex: 13    Spells: 4/7 levels left

rFire    . . .     SeeInvis +   e - +0 dagger
rCold    . . .     Gourm    .   (shield restricted)
rNeg     . . .     Faith    .   d - +0 robe
rPois    .         Spirit   .   (helmet restricted)
rElec    .         Reflect  .   (no cloak)
rCorr    .         Harm     .   (gloves unavailable)
MR       .....                  (boots unavailable)
Stlth    ++........             (no amulet)
HPRegen  0.05/turn              (no ring)
MPRegen  0.10/turn              (no ring)

@: very quick
A: very small, unfitting armour, see invisible, herbivore, speed 3, slow
metabolism 2
a: no special abilities


You were on level 2 of the Dungeon.
You were not hungry.

You visited 1 branch of the dungeon, and saw 3 of its levels.

You collected 29 gold pieces.

Inventory:

Hand Weapons
 e - a +0 dagger (weapon)
Armour
 d - a +0 robe (worn)
Scrolls
 a - a scroll of remove curse {!r, unknown}
 c - a scroll of teleportation {!r}
Comestibles
 f - 2 rations


   Skills:
 - Level 2.2 Fighting
 - Level 4.4 Dodging
 - Level 3.0 Stealth
 + Level 3.1 Spellcasting
 - Level 1.5 Charms


You had 4 spell levels left.
You knew the following spells:

 Your Spells              Type           Power        Failure   Level  Hunger
a - Poisonous Vapours     Pois/Air       #.....       34%         2    ##.....
b - Infusion              Chrm           #...         12%         1    #......


Dungeon Overview and Level Annotations

Branches:
Dungeon (3/15)

Altars:
Okawaru


Innate Abilities, Weirdness & Mutations

You are very small and have problems with some larger weapons.
You are too small for most types of armour.
You have supernaturally acute eyesight. (SInv)
You are a herbivore.
You cover ground extremely quickly.
You need to consume almost no food.


Message History

You don't have enough magic to cast that spell.
You hit the giant cockroach.
The giant cockroach is almost dead.
The giant cockroach closely misses you. The giant cockroach misses you.
You hit the giant cockroach.
You kill the giant cockroach!
Things that are here:
a scale mail; a giant cockroach corpse
Things that are here:
a flail; an orc corpse
Things that are here:
a scale mail; a giant cockroach corpse
There is a stone staircase leading down here.
You start resting.
HP restored.
You start resting.
Magic restored.
You start resting.
Your magical contamination has completely faded away.
Casting: Poisonous Vapours (safe; 34% risk of failure)
Confirm with . or Enter, or press ? or * to list all spells.
Okay, then.
Unknown command.
You start resting.
Magic restored.
You climb downwards.
The orc wizard casts a cantrip, but nothing happens.
The orc wizard gestures at you while chanting.
The magic dart hits you!
There is a stone staircase leading up here.
Casting: Poisonous Vapours (safe; 34% risk of failure)
Confirm with . or Enter, or press ? or * to list all spells.
Okay, then.
The orc wizard closely misses you.
You climb upwards.
There is a stone staircase leading down here.
Casting: Poisonous Vapours (safe; 34% risk of failure)
Confirm with . or Enter, or press ? or * to list all spells.
Aiming: Poisonous Vapours (safe; 34% risk of failure)
Press: ? - help, Dir - move target cursor, f - orc wizard
Aim: an orc wizard, wielding a dagger and wearing a robe Poisonous vapours surround the orc wizard!
The orc wizard is poisoned.
The orc wizard closely misses you.
Casting: Poisonous Vapours (safe; 34% risk of failure)
Confirm with . or Enter, or press ? or * to list all spells.
Aiming: Poisonous Vapours (safe; 34% risk of failure)
Press: ? - help, Dir - move target cursor, f/p - orc wizard
Aim: an orc wizard, wielding a dagger and wearing a robe (poisoned) Poisonous vapours surround the orc wizard!
The orc wizard is engulfed in poison gas.
The orc wizard looks even sicker.
The orc wizard hits you with a dagger.
* * * LOW HITPOINT WARNING * * *
Casting: Poisonous Vapours (safe; 34% risk of failure)
Confirm with . or Enter, or press ? or * to list all spells.
Aiming: Poisonous Vapours (safe; 34% risk of failure)
Press: ? - help, Dir - move target cursor, f/p - orc wizard
Aim: an orc wizard, wielding a dagger and wearing a robe (moderately wounded, poisoned) Poisonous vapours surround the orc wizard!
The orc wizard is engulfed in poison gas.
The orc wizard looks even sicker.
The orc wizard gestures at you while chanting.
The magic dart hits you!
Ouch! That really hurt!
You die...

##########
.........#
.........#
.........#
.........#
.........#########
.......>.'....)o@#
.........#########
.........#
########## ... ...
...# ...#


You could see an orc wizard.

Vanquished Creatures
  An adder (D:2)
  2 orcs (D:2)
  A giant cockroach (D:2)
  A bat (D:3)
  A goblin (D:2)
  A kobold (D:2)
  A rat (D:2)
8 creatures vanquished.

Notes
Turn   | Place    | Note
-------+----------+-------------------------------------------
     0 | D:1      | Amnesiac the Spriggan Wanderer began the quest for the Orb.
     0 | D:1      | Amnesiac set off with: a scroll of teleportation {!r}, a +0 robe, a +0 dagger, a ration
     0 | D:1      | Reached XP level 1. HP: 10/10 MP: 5/5
     2 | D:1      | Learned a level 1 spell: Infusion
    75 | D:2      | Found an iron altar of Okawaru.
   140 | D:2      | Reached XP level 2. HP: 10/15 MP: 0/6
   167 | D:2      | Learned a level 2 spell: Poisonous Vapours
   440 | D:2      | Killed from afar by an orc wizard

Vault maps used:
D:1:      minmay_arrival_hallway, minmay_tetromino_l4
D:2:      okawaru_trees_1
D:3:      cheibrodos_thug_alley, first_ration

Skill      XL: |  1  2 |
---------------+-------+-----
Fighting       | 2 |  2.2
Spellcasting   | 3 |  3.1
Dodging        | |  4.4
Stealth        | |  3.0
Charms         | |  1.5

Action                   || total
-------------------------++-------
Melee: Dagger            ||    40
 Cast: Infusion          ||     1
       Poisonous Vapours ||     7
Armor: Robe              ||     4
Dodge: Dodged            ||    54

Table legend:
 A = Spawn XP
 B = Non-spawn XP
 C = Spawn XP percentage of total XP
 D = Spawn monster count
 E = Non-spawn monster count
 F = Spawn count percentage of total count
 G = Total turns spent on level
                    A         B        C        D         E        F      G
               +---------+---------+-------+---------+---------+-------+---------
         Total |       0 |      25 |   0.0 |       0 |       8 |   0.0 |   440
               +---------+---------+-------+---------+---------+-------+---------
           D:2 |       0 |      24 |   0.0 |       0 |       7 |   0.0 |   372
           D:3 |       0 |       1 |   0.0 |       0 |       1 |   0.0 |    19
               +---------+---------+-------+---------+---------+-------+---------
